Map: Realities Simulation LE

Players

MattBarry - Winner!

  • Race: Protoss Protoss
  • League: Gold
  • Spawn Location: 9:00

Alebay - Winner!

  • Race: Protoss Protoss
  • Spawn Location: 11:00

MattBarry - Winner!

  • Race: Zerg Zerg
  • League: Gold
  • Spawn Location: 12:00

SmashAndBash

  • Race: Protoss Protoss
  • League: Silver
  • Spawn Location: 5:00

sharky

  • Race: Protoss Protoss
  • League: Gold
  • Spawn Location: 3:00

Dave

  • Race: Zerg Zerg
  • Spawn Location: 6:00

VOD

Have the link to the VOD?

Description

Time

  • Played on: Jan. 20, 2023, 5:35 p.m.
  • Length: 16:13
Show
View Real Time Build Order
Export as new Build Order

MattBarry Protoss - Winner!

Build Orders: Double Forge 

Get SALT Encoding   

  12  0:00  Probe  
  13  0:12  Probe  
  14  0:18  Pylon  
  14  0:25  Probe  
  15  0:37  Probe  
  15  0:39  Gateway  
  16  0:44  Assimilator  
  16  0:49  Probe (Chrono Boost)  
  17  1:01  Probe (Chrono Boost)  
  18  1:08  Probe (Chrono Boost)  
  19  1:12  Pylon  
  19  1:16  Probe  
  20  1:28  Cybernetics Core  
  20  1:30  Probe  
  21  1:42  Probe  
  22  1:54  Probe  
  22  1:56  Nexus  
  23  2:15  Zealot  
  24  2:16  Warp Gate  
  24  2:22  Gateway  
  24  2:23  Gateway  
  24  2:49  Adept (Chrono Boost)  
  26  3:03  Pylon  
  26  3:08  Gateway  
  26  3:11  Pylon  
  26  3:18  Assimilator  
  26  3:19  Probe x2  
  28  3:22  Stalker x2  
  28  3:23  Stalker  
  34  3:31  Probe x2  
  36  3:43  Probe x2  
  38  3:53  Robotics Facility  
  38  3:56  Pylon  
  38  3:59  Probe x2  
  40  4:05  Sentry x2  
  40  4:06  Zealot x2  
  48  4:12  Probe x2  
  50  4:24  Probe x2  
  50  4:26  Forge  
  50  4:29  Forge  
  46  5:30  Probe x2  
  46  5:32  Protoss Ground Weapons Level 1 (Chrono Boost), Stalker x3, Protoss Ground Armor Level 1 (Chrono Boost)  
  46  5:33  Stalker  
  52  5:58  Stalker x2  
  52  5:59  Stalker x2  
  52  6:02  Probe x2  
  54  6:05  Assimilator  
  54  6:08  Observer, Assimilator  
  54  6:11  Pylon  
  55  6:12  Pylon  
  55  6:14  Probe x2  
  57  6:27  Pylon  
  57  6:28  Pylon  
  57  6:34  Zealot x4, Probe x2  
  67  6:43  Observer  
  68  6:50  Probe x2  
  70  6:59  Robotics Bay  
  70  7:08  Probe  
  70  7:09  Probe  
  70  7:13  Pylon  
  72  7:15  Twilight Council  
  72  7:28  Stalker x4  
  80  7:41  Nexus  
  80  7:43  Pylon  
  80  7:45  Pylon  
  58  8:15  Stalker x4  
  58  8:16  Blink (Chrono Boost)  
  58  8:19  Protoss Ground Weapons Level 2 (Chrono Boost), Protoss Ground Armor Level 2 (Chrono Boost)  
  60  8:22  Disruptor  
  61  8:31  Photon Cannon  
  61  8:32  Photon Cannon  
  61  8:33  Probe x2  
  63  8:35  Photon Cannon  
  63  8:36  Shield Battery  
  63  8:38  Shield Battery  
  63  8:45  Probe x2  
  65  8:56  Assimilator  
  65  8:57  Probe x3  
  65  8:58  Disruptor  
  65  9:00  Assimilator  
  71  9:09  Probe  
  72  9:13  Nexus  
  72  9:16  Pylon  
  72  9:17  Pylon  
  71  9:37  Disruptor  
  74  9:43  Photon Cannon  
  74  9:45  Photon Cannon  
  74  9:47  Photon Cannon  
  74  9:49  Shield Battery  
  74  9:55  Gateway  
  74  9:56  Gateway  
  74  9:58  Gateway  
  74  9:59  Gateway  
  74  10:42  Disruptor  
  77  10:46  Stalker x4  
  85  10:50  Protoss Ground Weapons Level 3 (Chrono Boost)  
  85  10:51  Protoss Ground Armor Level 3 (Chrono Boost)  
  85  10:54  Probe x4  
  89  11:03  Charge  
  89  11:06  Probe x4  
  89  11:11  Templar Archives, Assimilator  
  93  11:14  Stalker x6, Assimilator  
  93  11:15  Stalker x2  
  109  11:42  Stalker x2  
  109  11:43  Stalker x6  
  102  12:47  Stalker x2  
  102  12:48  Stalker x6  
  110  12:53  Disruptor  
  113  13:06  Psionic Storm  
  113  13:08  Probe x4  
  113  13:12  Stalker x3  
  119  13:13  Stalker x5  
  133  13:20  Probe x2  
  133  13:29  Disruptor  
  116  14:16  Stalker x2  
  116  14:17  Stalker x6  
  122  14:23  Probe x4  
  136  14:29  Stargate x2  
  136  14:32  Stargate  
  136  14:33  Pylon  
  136  14:50  High Templar x5  
  136  14:51  High Templar  
  136  14:52  Zealot x2  
  152  14:54  Archon x2, Nexus  
  152  14:55  Archon  
  152  14:57  Pylon  
  152  14:58  Disruptor  
  152  14:59  Pylon  
  155  15:01  Pylon  
  155  15:24  Fleet Beacon  
  155  15:28  Cybernetics Core  
  145  15:54  Stalker x2  
  145  15:55  Stalker x6  
  161  16:09  Gateway  
  161  16:11  Gateway  
Show
View Real Time Build Order
Export as new Build Order

Alebay Protoss - Winner!

Build Orders: 1 Gate Expand 

Get SALT Encoding   

  12  0:00  Probe  
  13  0:18  Pylon  
  13  0:19  Probe  
  14  0:31  Probe  
  15  0:37  Gateway  
  15  0:43  Probe  
  16  0:55  Assimilator, Probe  
  17  1:07  Probe  
  18  1:19  Probe  
  19  1:30  Nexus  
  19  1:31  Probe  
  20  1:39  Cybernetics Core  
  20  1:42  Assimilator  
  20  1:45  Probe  
  21  1:57  Probe  
  22  2:09  Probe  
  23  2:19  Pylon  
  23  2:36  Pylon  
  23  2:42  Probe  
  23  2:43  Probe  
  24  2:47  Stalker  
  24  2:52  Warp Gate (Chrono Boost)  
  24  2:54  Pylon  
  24  2:56  Gateway  
  24  2:58  Gateway, Probe x2  
  28  3:11  Probe x2  
  30  3:20  Stalker  
  30  3:25  Probe x2  
  34  3:37  Probe x2  
  34  3:40  Pylon  
  36  3:50  Pylon  
  36  3:54  Assimilator  
  36  3:55  Probe x2  
  38  4:09  Forge  
  38  4:10  Probe x2  
  40  4:19  Stalker x3  
  40  4:22  Probe x2  
  48  4:34  Probe  
  48  4:35  Probe  
  50  4:43  Stalker x2  
  50  4:44  Stalker  
  56  4:49  Photon Cannon  
  56  4:55  Pylon  
  56  4:56  Assimilator, Probe x2  
  56  4:59  Photon Cannon  
  58  5:22  Stalker x3  
  62  5:54  Stalker  
  62  5:55  Stalker x2  
  60  6:21  Stalker x3  
  60  6:23  Probe x2  
  68  6:31  Gateway  
  68  6:33  Gateway  
  68  6:35  Gateway  
  68  6:39  Protoss Ground Weapons Level 1 (Chrono Boost)  
  68  6:55  Stalker x3  
  68  6:56  Nexus  
  68  6:58  Pylon  
  68  7:00  Pylon  
  74  7:02  Probe x2  
  74  7:03  Pylon  
  76  7:14  Probe  
  77  7:19  Twilight Council  
  77  7:22  Probe  
  78  7:26  Probe  
  79  7:32  Stalker  
  79  7:33  Stalker x5  
  81  8:02  Stalker  
  81  8:03  Stalker  
  73  8:21  Protoss Ground Armor Level 1 (Chrono Boost)  
  73  8:22  Stalker x4  
  81  8:29  Probe x3  
  81  8:33  Gateway  
  84  8:35  Gateway, Blink (Chrono Boost)  
  84  8:36  Stalker x2  
  84  8:37  Gateway  
  84  8:41  Probe  
  89  9:01  Photon Cannon, Probe  
  89  9:02  Probe x2  
  92  9:03  Photon Cannon  
  92  9:04  Assimilator  
  92  9:07  Stalker x5  
  92  9:08  Assimilator  
  102  9:22  Stalker  
  104  9:28  Probe  
  104  9:29  Probe x2  
  107  9:38  Pylon  
  107  9:40  Pylon  
  107  9:41  Probe  
  107  9:42  Pylon  
  107  9:44  Probe x2  
  110  9:47  Stalker x2  
  110  9:48  Stalker  
  116  9:53  Probe  
  116  9:58  Protoss Ground Weapons Level 2 (Chrono Boost)  
  95  10:34  Stalker x4  
  95  10:35  Stalker x2  
  107  10:48  Robotics Facility  
  107  10:49  Robotics Facility  
  107  10:51  Robotics Facility  
  107  10:59  Stalker x3  
  107  11:00  Stalker x4  
  121  11:17  Stalker  
  121  11:18  Stalker  
  125  11:29  Pylon, Nexus  
  125  11:31  Pylon  
  125  11:32  Pylon  
  125  11:42  Nexus  
  125  11:43  Pylon  
  125  11:45  Pylon  
  125  11:50  Immortal x3  
  137  12:09  Protoss Ground Armor Level 2 (Chrono Boost)  
  121  12:29  Immortal  
  101  12:35  Stalker x2  
  101  12:36  Stalker x5  
  101  12:37  Stalker  
  95  12:58  Probe x2  
  95  12:59  Probe  
  95  13:00  Probe  
  99  13:05  Stalker x2  
  99  13:06  Stalker x5  
  99  13:10  Probe  
  76  13:51  Stalker x4  
  76  13:52  Stalker x4  
  76  13:53  Stalker  
  88  14:14  Immortal x2  
  88  14:15  Immortal  
  100  14:21  Stalker x5  
  110  14:33  Probe x3  
  110  14:34  Probe x2  
  116  14:45  Probe x2  
  116  14:46  Probe  
  118  14:53  Immortal x2  
  118  14:54  Immortal  
  118  14:56  Stalker x3  
  136  15:08  Nexus  
  136  15:10  Probe x3  
  136  15:11  Probe x2  
  141  15:16  Assimilator  
  141  15:18  Assimilator  
  141  15:25  Stalker x5  
  151  15:32  Immortal  
Show
View Real Time Build Order
Export as new Build Order

MattBarry Zerg - Winner!

Build Orders: Pool First 

Get SALT Encoding   

  12  0:00  Drone  
  13  0:11  Drone  
  14  0:15  Extractor  
  14  0:16  Drone  
  14  0:24  Drone, Extractor  
  15  0:44  Spawning Pool  
  15  0:48  Overlord  
  14  1:09  Drone  
  15  1:21  Hatchery  
  15  1:25  Drone  
  15  1:34  Zergling x4  
  17  1:40  Metabolic Boost  
  17  1:47  Zergling x2  
  18  1:54  Drone  
  19  2:05  Zergling x2  
  19  2:06  Queen  
  20  2:17  Zergling x2  
  21  2:29  Zergling x2  
  20  2:45  Drone x3  
  20  2:49  Queen  
  25  2:53  Drone  
  25  2:54  Overlord  
  26  3:14  Drone  
  26  3:15  Zergling x2  
  28  3:21  Zergling x2  
  28  3:22  Zergling x10  
  34  3:30  Drone  
  35  3:48  Drone  
  36  3:50  Overlord  
  36  3:51  Overlord  
  36  4:08  Queen  
  37  4:22  Zergling x10  
  37  4:23  Zergling x4  
  43  4:28  Zergling x4  
  43  4:29  Zergling x2  
  44  4:51  Zergling x2  
  44  4:52  Zergling x6  
  46  4:58  Zergling x2  
  46  4:59  Zergling x4  
  49  5:00  Zergling x6  
  47  5:25  Zergling x10  
  50  5:33  Zergling x4  
  51  5:36  Zergling x2  
  48  5:51  Hatchery  
  48  5:56  Drone x3  
  44  6:15  Drone x5  
  44  6:16  Roach Warren, Drone x2  
  48  6:37  Zergling x2  
  48  6:38  Zergling x4, Overlord  
  48  6:39  Overlord  
  51  6:43  Evolution Chamber  
  51  6:46  Extractor  
  49  6:49  Evolution Chamber  
  49  6:52  Evolution Chamber  
  47  7:19  Roach x12  
  71  7:35  Lair  
  62  8:02  Zergling x2  
  62  8:03  Zergling x30  
  69  8:09  Overlord x2  
  67  8:19  Zerg Melee Weapons Level 1  
  66  8:49  Zergling x2  
  66  8:52  Drone  
  66  8:53  Drone x13  
  81  9:25  Extractor  
  81  9:27  Drone, Extractor  
  81  9:28  Roach x2, Overlord x3  
  81  9:30  Roach x2  
  81  9:31  Hatchery  
  87  9:33  Hatchery  
  87  9:35  Zerg Missile Weapons Level 1  
  86  9:39  Zerg Ground Armor Level 1  
  86  9:44  Spire  
  85  9:54  Infestation Pit  
  81  10:02  Roach  
  81  10:03  Roach  
  54  10:21  Zergling x2  
  54  10:22  Zergling x32  
  69  10:50  Hydralisk Den  
  69  10:52  Hydralisk Den  
  67  11:00  Queen  
  67  11:03  Queen  
  71  11:04  Drone  
  71  11:05  Drone  
  71  11:07  Roach x2  
  71  11:08  Roach x2, Zergling x4  
  71  11:09  Zergling x2  
  71  11:10  Drone  
  85  11:13  Drone  
  86  11:42  Roach  
  86  11:43  Roach x7  
  101  11:48  Drone x2  
  103  11:59  Extractor x2  
  99  12:06  Zergling x12  
  99  12:07  Zergling x2  
  84  12:25  Roach  
  84  12:26  Roach x4  
  81  12:53  Roach  
  81  12:54  Roach x9  
  97  13:00  Corruptor  
  97  13:05  Hydralisk  
  101  13:14  Corruptor  
  101  13:15  Corruptor  
  105  13:22  Corruptor  
  92  13:55  Zergling x10  
  77  13:56  Zergling x20  
  77  13:57  Zergling x2  
  92  14:04  Drone  
  92  14:05  Drone x4  
  97  14:17  Drone  
  97  14:18  Drone x9  
  107  14:31  Corruptor x4  
  107  14:32  Corruptor  
  121  14:42  Hive  
  119  14:51  Roach, Zergling x2  
  119  14:52  Zergling x2, Roach  
  123  14:53  Roach  
  123  14:55  Overlord x3  
  125  15:10  Pathogen Glands  
  125  15:25  Drone x4  
  125  15:26  Drone x2  
  125  15:27  Drone x4  
  125  15:28  Drone  
  134  15:55  Zergling x2  
  134  15:56  Zergling x36  
Show
View Real Time Build Order
Export as new Build Order

SmashAndBash Protoss 

Build Orders: 1 Gate Expand 

Get SALT Encoding   

  12  0:01  Probe (Chrono Boost)  
  13  0:15  Probe (Chrono Boost)  
  13  0:18  Pylon  
  14  0:40  Gateway  
  14  0:44  Probe  
  15  0:50  Assimilator  
  15  0:56  Probe  
  16  1:03  Pylon  
  16  1:08  Probe  
  17  1:23  Probe  
  18  1:35  Nexus  
  18  1:51  Probe  
  19  2:03  Cybernetics Core, Probe  
  20  2:18  Probe  
  21  2:26  Pylon  
  21  2:30  Probe  
  22  2:42  Warp Gate  
  22  2:45  Stalker  
  22  2:46  Gateway  
  22  2:48  Probe  
  22  2:51  Assimilator, Probe  
  25  2:55  Pylon  
  25  3:00  Probe  
  26  3:10  Robotics Facility  
  26  3:16  Probe  
  26  3:18  Assimilator  
  27  3:23  Probe  
  27  3:24  Stalker  
  30  3:35  Pylon, Probe  
  30  3:40  Probe  
  32  3:47  Probe  
  33  3:52  Probe  
  33  3:54  Robotics Facility  
  34  3:59  Probe  
  35  4:04  Probe  
  34  4:16  Probe  
  35  4:25  Immortal (Chrono Boost)  
  35  4:29  Forge  
  39  4:34  Probe x2  
  39  4:35  Assimilator  
  41  4:44  Immortal (Chrono Boost)  
  41  4:48  Probe x2  
  45  4:57  Stalker x2  
  49  5:03  Shield Battery  
  41  5:34  Stalker x2  
  39  5:48  Immortal (Chrono Boost)  
  39  5:49  Immortal (Chrono Boost)  
  38  6:07  Pylon  
  38  6:22  Immortal (Chrono Boost)  
  38  6:23  Immortal (Chrono Boost)  
  46  6:29  Probe x2  
  48  6:40  Pylon x2  
  48  6:41  Probe x2  
  50  6:53  Probe x2  
  52  6:55  Observer x2  
  54  7:05  Probe x2  
  56  7:14  Immortal x2 (Chrono Boost)  
  56  7:17  Probe x2  
  64  7:58  Nexus  
  46  8:15  Immortal x2 (Chrono Boost)  
  54  8:38  Robotics Facility  
  54  8:39  Probe x2  
  54  8:40  Robotics Facility  
  56  8:46  Immortal x2  
  64  8:49  Photon Cannon, Shield Battery  
  64  8:51  Probe x2  
  64  8:52  Photon Cannon  
  66  9:03  Probe  
  67  9:10  Assimilator  
  67  9:43  Immortal x3  
  79  9:51  Robotics Bay  
  79  9:52  Probe (Chrono Boost)  
  80  10:02  Probe (Chrono Boost)  
  81  10:07  Probe (Chrono Boost)  
  81  10:09  Protoss Ground Weapons Level 1 (Chrono Boost)  
  78  10:18  Probe  
  71  10:30  Probe  
  72  10:47  Colossus (Chrono Boost), Probe  
  72  10:48  Colossus x2 (Chrono Boost)  
  72  10:49  Pylon  
  91  10:59  Probe  
  91  11:02  Assimilator  
  92  11:11  Probe  
  93  11:23  Probe  
  77  11:53  Immortal  
  77  11:54  Immortal  
  85  11:58  Pylon  
  85  11:59  Pylon  
  85  12:10  Protoss Ground Armor Level 1  
  85  12:15  Colossus  
  85  12:18  Immortal  
  87  12:45  Immortal, Colossus  
  97  12:57  Immortal  
  101  13:07  Extended Thermal Lance  
  95  13:31  Immortal  
  99  13:39  Colossus (Chrono Boost)  
  58  14:06  Colossus (Chrono Boost)  
  58  14:07  Immortal (Chrono Boost)  
  68  14:21  Immortal (Chrono Boost)  
  68  14:58  Immortal  
  72  15:09  Nexus  
  72  15:10  Pylon  
  72  15:12  Pylon  
Show
View Real Time Build Order
Export as new Build Order

sharky Protoss 

Build Orders: Nexus First, Blink Stalkers 

Get SALT Encoding   

  12  0:00  Probe (Chrono Boost)  
  13  0:09  Probe (Chrono Boost)  
  14  0:22  Pylon, Probe  
  15  0:40  Probe  
  16  0:57  Nexus, Probe  
  17  1:08  Gateway  
  17  1:12  Probe  
  17  1:18  Assimilator  
  18  1:24  Probe  
  19  1:27  Assimilator  
  19  1:36  Probe  
  20  1:43  Gateway  
  20  1:48  Probe  
  21  2:00  Cybernetics Core, Probe  
  22  2:09  Probe  
  22  2:12  Probe  
  22  2:13  Pylon  
  24  2:21  Probe  
  25  2:24  Probe  
  26  2:30  Warp Gate (Chrono Boost)  
  26  2:31  Gateway  
  26  2:42  Twilight Council  
  26  2:43  Probe  
  26  2:44  Probe  
  28  2:54  Gateway  
  28  3:02  Blink (Chrono Boost)  
  28  3:03  Gateway  
  28  3:09  Gateway  
  28  3:20  Probe x2  
  28  3:25  Stalker  
  32  3:31  Assimilator  
  32  3:33  Probe  
  33  3:35  Probe  
  33  3:39  Stalker  
  36  4:04  Stalker x2  
  36  4:06  Stalker  
  36  4:07  Pylon, Stalker  
  42  4:20  Probe (Chrono Boost)  
  43  4:26  Probe (Chrono Boost)  
  43  4:31  Probe (Chrono Boost)  
  44  4:33  Pylon  
  44  4:35  Probe (Chrono Boost)  
  44  4:36  Gateway, Probe (Chrono Boost)  
  44  4:37  Stalker  
  47  4:45  Probe  
  47  4:52  Stalker x2  
  45  5:05  Stalker  
  45  5:06  Stalker x2  
  47  5:15  Stalker  
  47  5:19  Stalker  
  45  5:29  Stalker  
  45  5:30  Stalker  
  42  5:44  Stalker x2  
  42  5:45  Stalker  
  46  5:55  Stalker x2  
  48  6:10  Stalker  
  44  6:19  Stalker x2  
  44  6:20  Stalker  
  50  6:33  Gateway  
  50  6:38  Forge  
  50  6:48  Stalker  
  50  6:51  Stalker  
  54  6:58  Pylon  
  50  7:11  Charge  
  50  7:14  Zealot  
  50  7:15  Zealot  
  54  7:24  Probe x2  
  54  7:27  Stalker x2  
  53  7:49  Stalker x3  
  53  7:50  Stalker  
  49  8:03  Stalker x2  
  53  8:17  Stalker  
  53  8:18  Stalker  
  45  8:29  Stalker x2  
  49  8:34  Probe x2  
  49  8:39  Protoss Ground Weapons Level 1 (Chrono Boost)  
  51  8:51  Pylon, Probe x2  
  51  8:52  Assimilator  
  53  9:18  Nexus  
  53  9:19  Stalker x2  
  57  9:25  Pylon  
  57  9:30  Zealot  
  59  9:40  Zealot  
  59  9:43  Pylon  
  61  9:47  Probe x2  
  61  9:49  Zealot x2  
  65  10:07  Stalker x2  
  65  10:08  Stalker x2  
  65  10:10  Stalker x2  
  49  10:31  Stalker  
  49  10:32  Stalker x3  
  55  10:38  Shield Battery  
  55  10:40  Shield Battery, Probe x2  
  57  10:52  Stalker x2, Probe  
  62  10:58  Protoss Ground Armor Level 1 (Chrono Boost)  
  62  11:04  Probe x2  
  63  11:08  Stalker  
  66  11:16  Probe  
  67  11:21  Forge  
  67  11:25  Stalker  
  69  11:34  Pylon  
  69  11:38  Pylon  
  70  11:40  Pylon, Probe  
  70  11:55  Templar Archives  
  70  12:02  Stalker x3  
  70  12:03  Protoss Ground Weapons Level 2 (Chrono Boost)  
  76  12:12  Stalker x2  
  76  12:14  Stalker  
  62  12:43  Stalker x5  
  62  12:44  Stalker  
  66  13:03  Psionic Storm  
  66  13:04  Probe x2  
  68  13:11  Nexus  
  66  13:31  Stalker x2  
  66  13:32  Stalker  
  58  14:01  Probe x2  
  48  14:08  Stalker x3  
  48  14:09  Stalker x2  
  58  14:11  Stalker  
  58  14:13  Probe x2  
  62  14:25  Probe x2  
  64  14:38  Probe x2  
  64  14:39  Probe  
  64  14:44  High Templar x2  
  71  14:50  High Templar x3  
  77  14:55  Stalker  
  79  15:10  Probe x2  
  79  15:12  Probe, Nexus  
  82  15:18  Pylon  
  82  15:22  Pylon  
  82  15:29  Stalker x2  
  82  15:30  Stalker  
  87  15:39  Stalker  
  38  16:04  Stalker x2  
  38  16:05  Stalker  
Show
View Real Time Build Order
Export as new Build Order

Dave Zerg 

Build Orders: Pool First, Roach Hydra 

Get SALT Encoding   

  12  0:19  Spawning Pool  
  11  0:22  Drone  
  11  0:27  Drone  
  13  0:31  Drone  
  14  0:40  Overlord  
  14  1:06  Queen  
  14  1:07  Zergling x2  
  14  1:08  Zergling x4  
  19  1:13  Extractor  
  18  1:21  Drone  
  19  1:31  Drone  
  20  1:45  Drone  
  21  1:48  Hatchery  
  21  1:52  Drone  
  21  2:05  Drone  
  22  2:23  Lair  
  22  2:29  Overlord  
  21  2:43  Drone  
  20  2:55  Roach Warren  
  19  3:02  Queen, Drone  
  19  3:05  Drone x2  
  23  3:06  Drone x3  
  23  3:10  Extractor  
  26  3:14  Drone  
  27  3:26  Hydralisk Den  
  26  3:28  Overlord  
  26  3:33  Drone x2  
  28  3:36  Drone  
  28  3:38  Drone  
  30  3:44  Glial Reconstitution  
  30  3:54  Hydralisk  
  30  3:55  Roach  
  34  4:01  Roach  
  36  4:03  Roach  
  36  4:07  Roach  
  40  4:14  Overlord  
  40  4:17  Drone  
  40  4:20  Hydralisk  
  43  4:36  Muscular Augments  
  45  4:38  Roach  
  45  4:57  Hydralisk  
  45  4:58  Roach x2  
  45  5:17  Hydralisk  
  45  5:18  Roach x2  
  43  5:27  Extractor  
  43  5:28  Extractor  
  41  5:29  Hydralisk  
  41  5:30  Roach  
  45  5:38  Roach  
  45  5:39  Roach  
  45  5:40  Overlord  
  49  5:49  Evolution Chamber  
  48  6:03  Hydralisk x2, Roach  
  54  6:20  Hydralisk  
  54  6:21  Roach x2  
  54  6:24  Overlord  
  60  6:31  Evolution Chamber  
  60  6:32  Drone  
  60  6:38  Overlord  
  60  6:46  Drone x2  
  63  6:47  Drone  
  63  6:48  Drone  
  63  6:52  Spore Crawler  
  63  6:55  Spire  
  62  7:04  Grooved Spines  
  62  7:14  Hydralisk  
  62  7:15  Roach x2  
  68  7:16  Roach  
  70  7:29  Hydralisk, Overlord  
  40  8:15  Drone x3  
  40  8:17  Hydralisk x2  
  40  8:18  Roach x2  
  51  8:20  Zerg Flyer Weapons Level 1  
  51  8:25  Zerg Missile Weapons Level 1  
  51  8:50  Hatchery  
  51  8:54  Overseer  
  50  8:57  Drone x2  
  50  8:58  Drone x2  
  50  9:01  Drone  
  55  9:04  Drone  
  56  9:15  Zerg Ground Armor Level 1  
  56  9:26  Drone x4  
  60  9:39  Hydralisk x2  
  60  9:40  Roach  
  60  9:41  Roach  
  60  9:45  Roach  
  70  10:01  Hydralisk x2  
  70  10:02  Roach x2  
  70  10:19  Hydralisk x3  
  70  10:20  Roach x2  
  70  10:38  Queen  
  70  10:39  Drone x3  
  75  10:48  Zerg Flyer Armor Level 1  
  75  10:49  Overlord  
  75  10:51  Zerg Missile Weapons Level 2  
  75  10:58  Drone  
  76  11:12  Drone x2  
  76  11:14  Drone x5  
  76  11:15  Drone  
  84  11:20  Extractor  
  83  11:30  Hydralisk x4  
  83  11:31  Roach x3  
  97  11:40  Spine Crawler  
  97  11:45  Spine Crawler  
  97  11:46  Hydralisk  
  97  11:47  Overlord  
  97  11:48  Overlord  
  97  12:01  Overlord x2  
  92  12:21  Hydralisk x5  
  92  12:22  Roach x4  
  68  13:02  Hatchery  
  67  13:08  Hydralisk x3, Roach  
  67  13:09  Roach x2  
  57  13:41  Hydralisk  
  57  13:42  Hydralisk x2, Roach x3  
  59  13:53  Extractor  
  54  14:09  Infestation Pit  
  53  14:16  Drone x2  
  56  14:17  Drone  
  56  14:22  Queen  
  56  14:23  Drone  
  59  14:30  Drone x3  
  62  14:39  Drone x3  
  62  14:42  Drone x2  
  67  14:47  Pathogen Glands  
  67  14:49  Hive  
  67  14:54  Drone  
  67  14:55  Drone  
  67  14:56  Drone  
  70  15:11  Drone x3  
  70  15:13  Infestor  
  70  15:14  Infestor  
  75  15:16  Infestor  
  79  15:40  Drone x3  
Tags
 
Add a new tag
Caveats
  • Supply blocks, unpowered buildings, or Contaminate may cause inaccurate times.
  • Supply counts are checked every 10 seconds.